 Dungeon Crawl Stone Soup version 0.31-a0-161-gb58dd9be76 (webtiles) character file.

Game seed: 874116417304199483

815 qw the Chopper (level 7, -11/44 HPs)
             Began as a Gargoyle Fighter on June 12, 2023.
             Mangled by a two-headed ogre
             ... wielding a +0 giant club
              (20 damage)
             ... on level 5 of the Dungeon.
             The game lasted 00:02:02 (3908 turns).

qw the Chopper (Gargoyle Fighter)                   Turns: 3908, Time: 00:02:02

Health: -11/44     AC: 15    Str: 21    XL:     7   Next: 94%
Magic:  7/7        EV:  8    Int:  9    God:
Gold:   273        SH:  4    Dex:  9    Spells: 6/6 levels left

rFire   . . .        Y - +0 war axe (flame)
rCold   . . .        c - +0 buckler
rNeg    + . .        n - +0 chain mail
rPois   inf          (no helmet)
rElec   +            (no cloak)
rCorr   .            (no gloves)
SInv    .            i - +0 pair of boots
Will    .....        j - amulet of the acrobat Stlth
                     (no ring)
HPRegen 0.27/turn    (no ring)
MPRegen 0.10/turn

%: acrobat
@: no status effects
A: sickness immunity, AC +4, negative energy resistance 1, electricity
resistance, torment resistance 1, petrification resistance
a: no special abilities


You were on level 5 of the Dungeon.
You visited 1 branch of the dungeon, and saw 5 of its levels.

You collected 273 gold pieces.


Innate Abilities, Weirdness & Mutations

You are immune to sickness and miasma.
Your stone body is resilient. (AC +4)
You are immune to poison.
You resist negative energy. (rN+)
You are resistant to electric shocks. (rElec)
You are resistant to unholy torment.
You are immune to petrification.


   Skills:
 + Level 4.5 Fighting
 - Level 7.0 Axes
 - Level 3.2 Armour
 - Level 2.3 Dodging
 - Level 3.2 Shields


You had 6 spell levels left.
You didn't know any spells.
Your spell library was empty.

Inventory:

Hand Weapons
 Y - a +0 war axe of flaming (weapon)
Armour
 c - a +0 buckler (worn)
 e - a +2 ring mail of cold resistance
 i - a +0 pair of boots (worn)
 n - a +0 chain mail (worn)
 o - the +0 robe of the Mantidfly {rCorr Str+2}
   (You found it on level 5 of the Dungeon)

   Str:       It affects your strength (+2).
   rCorr:     It protects you from acid and corrosion.
Jewellery
 j - an amulet of the acrobat (around neck)
Scrolls
 b - a scroll of identify
Potions
 a - 3 potions of lignification
 d - a potion of might
 f - a potion of magic {unknown}
 h - 3 potions of curing
 k - a potion of haste {unknown}
 l - a potion of degeneration {unknown}
 m - a potion of ambrosia {unknown}
 p - a potion of invisibility {unknown}

Dungeon Overview and Level Annotations

Branches:
Dungeon (5/15)
 Temple: D:4-7

Altars:
Ashenzari
Elyvilon
Sif Muna
Uskayaw
Wu Jian
Xom
Zin

Annotations:
D:2 1 runed translucent door, Crazy Yiuf
D:4 exclusion: goblin


Message History

As you read the scroll of teleportation, it crumbles to dust.
You feel strangely unstable.
The two-headed ogre hits you but does no damage. x2
You barely miss the two-headed ogre.
The two-headed ogre is lightly wounded.
You slash the two-headed ogre! You burn the two-headed ogre.
The two-headed ogre is moderately wounded.
You block the two-headed ogre's attack. The two-headed ogre barely misses you.
You hit the two-headed ogre but do no damage.
The two-headed ogre is moderately wounded.
Your surroundings suddenly seem different.
You start resting.
A hound is nearby!
The hound barks!
You slash the hound! You burn the hound.
The hound is severely wounded.
The hound bites you but does no damage. x2
You barely miss the hound.
The hound is severely wounded.
The hound bites you but does no damage. The hound bites you.
You barely miss the hound.
The hound is severely wounded.
The hound barely misses you.
You hit the hound. You burn the hound.
The hound is almost dead.
You block the hound's attack. x2
You slash the hound! You burn the hound.
You kill the hound!
You start resting.
HP restored.
There is an open door here.
A two-headed ogre is nearby!
The two-headed ogre shouts in stereo!
You slash the two-headed ogre! You burn the two-headed ogre.
The two-headed ogre is moderately wounded.
The two-headed ogre hits you with a +0 giant club! x2
You slash the two-headed ogre! You burn the two-headed ogre.
The two-headed ogre is severely wounded.
The two-headed ogre hits you with a +0 giant club!! x2
You die...

#................##..##....##..
###.####.....####..##..##%...##..
#...#[.##...##.$#...#........##..
...#...##.##...#...#........##..
#.##...#.#h..##..###.########..
###..##.)#.#Os##...###.####..##..
......###...###......#.......##..
..........8.....O....#.......###+
..#...###...###.@...##.####..##..
..#..## +#.#+ ##..####.####'###..
....## #.# ##.............#..
....# ##.## #.............'..
....# ##...## #.#..######'###'#
###.####.....####.#########..##..
#..............................
##.....#.......#...............
#.....#.......#...............


You could see a two-headed ogre.

Vanquished Creatures
  An ogre (D:4)
  4 scorpions
  2 hounds (D:5)
  2 jellies
  2 orc priests (D:5)
  Jessica (D:3)
  3 iguanas (D:5)
  5 adders
  7 gnolls
  A worm (D:3)
  3 dart slugs
  9 orcs (D:5)
  8 bats
  5 endoplasms
  6 giant cockroaches
  7 goblins
  10 hobgoblins
  6 jackals
  7 kobolds
  7 ball pythons
  A frilled lizard (D:3)
  5 rats
102 creatures vanquished.

Notes
Turn   | Place    | Note
-------+----------+-------------------------------------------
     0 | D:1      | qw the Gargoyle Fighter began the quest for the Orb.
     0 | D:1      | Reached XP level 1. HP: 14/14 MP: 1/1
     0 | D:1      | Noticed a demonspawn zombie
     0 | D:1      | 0 ||| qw: Version: 0.2-a-29-gc1b59c4
     0 | D:1      | 0 ||| qw: Game counter: 4258
     0 | D:1      | 0 ||| qw: Always use a shield: true
     0 | D:1      | 0 ||| qw: God list: Okawaru
     0 | D:1      | 0 ||| qw: Allow faded altars: false
     0 | D:1      | 0 ||| qw: Do Orc after D:15 true
     0 | D:1      | 0 ||| qw: Do second Lair branch before Depths: true
     0 | D:1      | 0 ||| qw: Lair rune preference: random
     0 | D:1      | 0 ||| qw: Plans: Normal, Zot:1-4, Slime:5, God:TSO, Crypt,
                  | Tomb, Abyss, Pan, Hells, Win
     0 | D:1      | 0 ||| PLANNING D:1-11
    17 | D:1      | Noticed a minotaur zombie
    37 | D:1      | Reached skill level 2 in Axes
   103 | D:1      | Reached XP level 2. HP: 18/19 MP: 2/2
   189 | D:1      | 189 ||| DROPPING +0 club.
   191 | D:1      | 191 ||| Stepping ~*~*~tactically~*~*~ (stealth).
   426 | D:1      | 426 ||| Stepping ~*~*~tactically~*~*~ (stealth).
   433 | D:1      | Reached skill level 3 in Axes
   491 | D:1      | Found a faded altar of an unknown god.
   531 | D:1      | 531 ||| UPGRADING to +2 ring mail of cold resistance.
   541 | D:1      | 541 ||| DROPPING +0 scale mail.
   542 | D:1      | 542 ||| UPGRADING to +0 pair of boots.
   547 | D:1      | 547 ||| READING scroll labelled QINIMA ARUPEUR.
   548 | D:1      | 548 ||| READING scroll labelled RULOLA JUM SONK.
   590 | D:2      | Reached XP level 3. HP: 23/23 MP: 3/3
   688 | D:2      | 688 ||| Stepping ~*~*~tactically~*~*~ (stealth).
   690 | D:2      | 690 ||| Stepping ~*~*~tactically~*~*~ (hiding).
   754 | D:2      | Found a runed translucent door.
   755 | D:2      | Noticed Crazy Yiuf
   785 | D:2      | 785 ||| Stepping ~*~*~tactically~*~*~ (stealth).
   794 | D:2      | 794 ||| Stepping ~*~*~tactically~*~*~ (stealth).
  1060 | D:2      | 1060 ||| Stepping ~*~*~tactically~*~*~ (stealth).
  1084 | D:2      | Reached XP level 4. HP: 28/28 MP: 4/4
  1101 | D:2      | 1101 ||| Stepping ~*~*~tactically~*~*~ (hiding).
  1331 | D:2      | 1331 ||| UPGRADING to amulet of the acrobat.
  1336 | D:2      | 1336 ||| READING scroll labelled KUNAEW LAITI.
  1337 | D:2      | 1337 ||| READING scroll labelled PEH XISHENGUMP.
  1338 | D:2      | 1338 ||| READING scroll labelled PIPNUEMEIM.
  1339 | D:2      | 1339 ||| DROPPING +0 whip.
  1340 | D:2      | 1340 ||| DRINKING 3 sedimented brown potions.
  1407 | D:3      | Reached skill level 4 in Axes
  1407 | D:3      | Noticed Jessica
  1412 | D:3      | Killed Jessica
  1506 | D:3      | Found a white marble altar of Elyvilon.
  1702 | D:3      | 1702 ||| Stepping ~*~*~tactically~*~*~ (hiding).
  1707 | D:3      | Reached XP level 5. HP: 32/32 MP: 5/5
  1963 | D:3      | 1963 ||| Stepping ~*~*~tactically~*~*~ (stealth).
  1980 | D:3      | 1980 ||| FLEEEEING.
  1981 | D:3      | 1981 ||| FLEEEEING.
  1982 | D:3      | 1982 ||| FLEEEEING.
  1983 | D:3      | 1983 ||| FLEEEEING.
  1984 | D:3      | 1984 ||| FLEEEEING.
  1985 | D:3      | 1985 ||| FLEEEEING.
  1986 | D:3      | 1986 ||| FLEEEEING.
  1987 | D:3      | 1987 ||| FLEEEEING.
  1988 | D:3      | 1988 ||| FLEEEEING.
  1989 | D:3      | 1989 ||| FLEEEEING.
  1994 | D:3      | 1994 ||| FLEEEEING.
  1995 | D:3      | 1995 ||| FLEEEEING.
  1996 | D:3      | 1996 ||| FLEEEEING.
  1997 | D:3      | 1997 ||| FLEEEEING.
  1998 | D:3      | 1998 ||| FLEEEEING.
  2062 | D:3      | 2062 ||| READING 3 scrolls labelled OMMU USEROSIN.
  2063 | D:3      | 2063 ||| READING scroll labelled REWIVV ZICAO.
  2064 | D:3      | 2064 ||| READING scroll labelled BURIAGUNAI.
  2067 | D:3      | 2067 ||| READING 2 scrolls of identify.
  2067 | D:3      | 2067 ||| IDENTIFYING fizzy red potion
  2111 | D:4      | Reached skill level 5 in Axes
  2129 | D:4      | 2129 ||| Stepping ~*~*~tactically~*~*~ (hiding).
  2130 | D:4      | 2130 ||| Stepping ~*~*~tactically~*~*~ (hiding).
  2198 | D:4      | Found an ornate altar of the Wu Jian Council.
  2282 | D:4      | Noticed an ogre
  2288 | D:4      | Killed an ogre
  2289 | D:4      | Reached XP level 6. HP: 37/37 MP: 6/6
  2348 | D:4      | Found a snail-covered altar of Cheibriados.
  2351 | D:4      | Found a shimmering altar of Xom.
  2351 | D:4      | Found a broken altar of Ashenzari.
  2353 | D:4      | Found a glowing silver altar of Zin.
  2353 | D:4      | Found a hide-covered altar of Uskayaw.
  2353 | D:4      | Found a shimmering blue altar of Sif Muna.
  2380 | D:4      | 2380 ||| Stepping ~*~*~tactically~*~*~ (stealth).
  2381 | D:4      | 2381 ||| Stepping ~*~*~tactically~*~*~ (stealth).
  2492 | D:4      | 2492 ||| Stepping ~*~*~tactically~*~*~ (stealth).
  2845 | D:4      | 2845 ||| Stepping ~*~*~tactically~*~*~ (stealth).
  2860 | D:4      | 2860 ||| DRINKING 2 fuming golden potions.
  2885 | D:5      | Entered Level 5 of the Dungeon
  2948 | D:5      | 2948 ||| UPGRADING to +0 chain mail.
  2986 | D:5      | 2986 ||| Stepping ~*~*~tactically~*~*~ (stealth).
  2988 | D:5      | 2988 ||| Stepping ~*~*~tactically~*~*~ (stealth).
  3058 | D:5      | Reached XP level 7. HP: 35/43 MP: 7/7
  3154 | D:5      | Reached skill level 6 in Axes
  3157 | D:5      | HP: 10/43 [gnoll/+0 spear (4)]
  3158 | D:5      | 3158 ||| READING scroll of teleportation.
  3159 | D:5      | 3159 ||| DRINKING potion of heal wounds.
  3350 | D:5      | Identified the +0 robe of the Mantidfly {rCorr Str+2}
  3570 | D:5      | 3570 ||| Stepping ~*~*~tactically~*~*~ (hiding).
  3579 | D:5      | Reached skill level 7 in Axes
  3730 | D:5      | Noticed a two-headed ogre
  3734 | D:5      | HP: 6/44 [two-headed ogre/+0 giant club (15)]
  3735 | D:5      | 3735 ||| READING scroll of teleportation.
  3908 | D:5      | HP: 9/44 [two-headed ogre/+0 giant club (20)]
  3908 | D:5      | Mangled by a two-headed ogre

Levels and vault maps discovered:
D:1:      shiori_arrival_whats_in_store_for_you, layout_basic,
          ebering_ecumenical_altar_mist
D:2:      layout_loops_ring, uniq_crazy_yiuf_cottage
D:3:      layout_basic, mainiacjoe_overflow_boulevard, minmay_distorted,
          uniq_jessica
D:4:      layout_basic, mainiacjoe_overflow_alcove_1, doesnt_xom_only_xom,
          minmay_goblin_outpost
D:5:      cheibrodos_barr_body, layout_gridville, corexii_shack

Skill      XL: |  1  2  3  4  5  6  7 |
---------------+----------------------+-----
Axes           | 2 3 4 5 7 |  7.0
Dodging        | 2 |  2.3
Fighting       | 4 |  4.5
Armour         | |  3.2
Shields        | |  3.2

Action                     |  1- 3 |  4- 6 |  7- 9 || total
---------------------------+-------+-------+-------++-------
  Melee: War axe           |   134 |   123 |    63 ||   320
    Use: Scroll            |     2 |     7 |     2 ||    11
         Potion            |       |     2 |     1 ||     3
 Armour: Scale mail        |    48 |       |       ||    48
         Ring mail         |    43 |    38 |       ||    81
         Chain mail        |       |    13 |    29 ||    42
         Skin              |       |     2 |       ||     2
  Dodge: Dodged            |    55 |    70 |    15 ||   140
  Block: Buckler           |    17 |    20 |    10 ||    47

Table legend:
 A = Non-vault XP
 B = Vault XP
 C = Vault XP percentage of total XP
 D = Non-vault monster count
 E = Vault monster count
 F = Vault count percentage of total count
                 A         B        C        D         E       F
            +---------+---------+-------+---------+---------+-------
      Total |    1013 |     152 |  13.0 |      90 |      12 |  11.8
            +---------+---------+-------+---------+---------+-------
        D:1 |      32 |       0 |   0.0 |      20 |       0 |   0.0
        D:2 |      57 |       0 |   0.0 |      24 |       0 |   0.0
        D:3 |      47 |      44 |  48.4 |      14 |       3 |  17.6
        D:4 |     306 |       6 |   1.9 |      12 |       3 |  20.0
        D:5 |     571 |     102 |  15.2 |      20 |       6 |  23.1
            +---------+---------+-------+---------+---------+-------
